cohdb
Replays
Latest Replays
All Replays
Popular Replays
Top Player Replays
Match Explorer
How It Works
Community
CoH3 Stats
Reddit
Sign in to upload your games and track your stats! →
Sign in with Steam
Match 40566206
Unlisted
Match 40566206
Overview
Messages
Build Orders
End
Construct Infanterie Kompanie
Selects Italian Coastal Battlegroup
Selects Coastal Reserves
Coastal Reserve
GrW 34 Mortar Team
MG 42 Machine Gun Team
Construct Panzergrenadier Kompanie
Coastal Reserve
251 Medium Carrier
MG 42 Bunker
Selects Support Bunkers
MG 42 Machine Gun Team
Support Elements
Nebelwerfer 42 Rocket Launcher Team
Selects Rapid Fortifications
Coastal Reserve
StuG III G Assault Gun
Pak 40 Anti-tank Gun Team
Pak 40 Anti-tank Gun Team
Selects Bulwark
Construct Panzer Kompanie
Coastal Reserve
Panzer IV Medium Tank
Selects Artillery Officer
Rapid Fortifications
MG 42 Bunker
251 Medium Carrier
Pioneer Squad
Selects Obice da 210/22 Artillery Emplacement
MG 42 Bunker
Zehel
Krooger
Unsafe
Sloth Demon
Mephswall
CaptainPollo
0
0
Comments
sign in to comment!
No comments posted yet!